Map: Prion Terraces

Players

Miszu - Winner!

  • Race: Terran Terran
  • League: Master

SuperSaiyan

  • Race: Zerg Zerg
  • League: Master

VOD

Have the link to the VOD?

Description

Time

  • Played on: March 13, 2016, 2:41 p.m.
  • Length: 9:09
Show
View Real Time Build Order
Export as new Build Order

Miszu Terran - Winner!

Build Orders: MMM Bio 

Get SALT Encoding   

  12  0:00  SCV  
  13  0:12  SCV  
  14  0:17  Supply Depot  
  14  0:25  SCV  
  15  0:39  SCV  
  15  0:41  Barracks  
  16  0:44  Refinery  
  16  0:51  SCV  
  17  1:00  Barracks  
  17  1:03  SCV  
  18  1:15  SCV  
  19  1:24  Barracks  
  19  1:28  SCV  
  19  1:29  Reaper  
  21  1:35  Refinery  
  22  1:48  Supply Depot, Reaper  
  22  1:59  Orbital Command  
  22  2:09  Reaper  
  22  2:14  Reaper  
  24  2:16  Supply Depot  
  24  2:22  Reaper  
  25  2:25  SCV  
  26  2:42  Reaper  
  27  2:47  Reaper  
  27  2:49  SCV  
  29  2:54  Reaper  
  30  3:14  Reaper  
  30  3:17  SCV  
  30  3:19  Reaper  
  33  3:26  Reaper  
  34  3:29  SCV  
  34  3:34  Command Center  
  35  3:46  Reaper  
  36  3:51  Reaper  
  35  3:57  SCV  
  35  3:58  Reaper  
  37  4:09  Command Center, SCV  
  38  4:18  Supply Depot  
  38  4:26  SCV  
  38  4:31  Barracks Reactor, Barracks Tech Lab  
  39  4:32  Barracks Tech Lab  
  39  4:34  Factory  
  39  4:36  Barracks  
  39  4:37  Barracks  
  39  4:40  SCV  
  37  5:01  Marine x2  
  37  5:02  SCV  
  37  5:03  Stimpack  
  37  5:05  Orbital Command  
  40  5:10  Marine x2  
  41  5:23  SCV  
  47  5:28  Orbital Command  
  43  5:35  Starport  
  42  5:36  SCV, Factory Reactor  
  42  5:37  SCV  
  42  5:40  Barracks Reactor  
  42  5:41  Barracks Reactor  
  44  5:47  Marine  
  44  5:48  SCV  
  47  5:50  SCV  
  46  5:58  Marine  
  46  5:59  Marine x2, SCV  
  50  6:05  Marine  
  51  6:16  Marine x2  
  51  6:17  Marine  
  51  6:18  Marine x4  
  55  6:22  Marine, SCV x3  
  55  6:24  Refinery x2  
  62  6:28  Factory Tech Lab  
  62  6:32  Medivac x2  
  63  6:34  Marine x3, SCV x2  
  63  6:35  Marine, SCV  
  63  6:36  Marine x3  
  73  6:40  Marine, Combat Shields  
  74  6:52  Marine x3  
  77  6:57  Orbital Command  
  77  6:58  Supply Depot  
  77  6:59  Supply Depot  
  77  7:01  Marine, SCV  
  79  7:02  Medivac  
  79  7:05  Marine x3  
  84  7:11  Marine  
  85  7:17  Engineering Bay  
  85  7:18  Engineering Bay  
  85  7:19  Marine x4, SCV  
  85  7:20  Bunker  
  86  7:23  Marine x2  
  86  7:24  SCV x2  
  86  7:25  Marine  
  86  7:29  Marine  
  92  7:35  Supply Depot  
  92  7:36  Medivac  
  94  7:37  Marine x2  
  94  7:38  Medivac  
  98  7:46  Marine  
  90  7:51  Marine  
  90  7:52  Marine x4  
  90  7:55  Marine x2  
  97  8:01  Siege Tank  
  97  8:03  SCV x3  
  97  8:04  Marine  
  104  8:09  Marine x3  
  109  8:19  Marine x2  
  109  8:20  Supply Depot  
  109  8:21  Supply Depot  
  109  8:24  Medivac x2  
  109  8:41  Marine x4, SCV  
  109  8:43  Marine x4, SCV x2  
  123  8:55  SCV x3  
Show
View Real Time Build Order
Export as new Build Order

SuperSaiyan Zerg 

Build Orders: Hatch First 

Get SALT Encoding   

  12  0:01  Drone  
  13  0:13  Overlord  
  13  0:18  Drone  
  14  0:32  Drone x2  
  16  0:37  Drone  
  17  0:54  Hatchery  
  17  0:56  Drone  
  17  1:00  Drone  
  17  1:03  Extractor  
  17  1:09  Drone  
  18  1:21  Spawning Pool  
  18  1:23  Drone  
  18  1:30  Drone  
  19  1:40  Overlord  
  19  1:52  Drone  
  20  2:08  Drone  
  21  2:10  Queen x2  
  21  2:11  Zergling x2  
  21  2:14  Metabolic Boost  
  26  2:19  Zergling x2  
  27  2:23  Drone  
  27  2:43  Drone x4  
  30  2:49  Queen  
  30  2:50  Pneumatized Carapace  
  32  3:05  Drone  
  32  3:06  Drone x2  
  35  3:17  Overlord  
  35  3:19  Zergling x2  
  35  3:32  Overlord  
  35  3:39  Drone x2  
  35  3:40  Drone x5  
  39  3:51  Zergling x2  
  39  3:52  Zergling x2  
  38  4:00  Zergling x6  
  40  4:03  Zergling x2  
  40  4:04  Zergling x4  
  40  4:08  Overlord  
  43  4:12  Hatchery  
  41  4:20  Zergling x2  
  41  4:23  Queen  
  43  4:28  Zergling x4  
  45  4:35  Zergling x2  
  44  4:41  Zergling x8  
  44  4:42  Queen  
  47  4:54  Zergling x4  
  42  5:03  Zergling x4, Queen  
  46  5:10  Zergling x4  
  44  5:25  Zergling x6  
  47  5:39  Zergling x12  
  47  5:40  Zergling x4  
  55  5:43  Drone  
  55  5:46  Queen  
  58  5:56  Zergling x2  
  56  5:57  Zergling x6  
  58  6:18  Zergling x20  
  57  6:34  Zergling x8  
  61  6:41  Extractor  
  61  6:43  Roach Warren, Drone  
  61  6:44  Drone  
  61  6:52  Drone x3  
  64  7:04  Overlord, Drone  
  64  7:05  Overlord  
  65  7:15  Overlord x2  
  64  7:24  Zergling x2  
  64  7:25  Zergling x18  
  71  7:31  Drone x4, Evolution Chamber  
  71  7:33  Evolution Chamber  
  71  7:36  Zergling x6  
  74  7:46  Zergling x6  
  74  7:51  Hatchery  
  51  7:53  Zergling x2  
  51  7:54  Zergling x10  
  53  8:01  Roach x4  
  59  8:09  Roach  
  59  8:11  Overlord  
  59  8:36  Overlord  
  59  8:38  Drone  
  59  8:39  Drone x7  
Tags
 
Composition
MMM Bio
Matchup
TvZ
Add a new tag
Caveats
  • Supply blocks, unpowered buildings, or Contaminate may cause inaccurate times.
  • Supply counts are checked every 10 seconds.